 Dungeon Crawl Stone Soup version 0.22-a0-456-g11ed031 (webtiles) character file.

197 emperorscorpion the Magician (level 5, 0/28 HPs)
             Began as a Deep Elf Air Elementalist on June 6, 2018.
             Was an Initiate of Gozag.
             Killed from afar by GameOver's ghost (6 damage)
             ... with a magic dart
             ... on level 3 of the Dungeon.
             The game lasted 00:07:56 (2769 turns).

emperorscorpion the Magician (DEAE)                 Turns: 2769, Time: 00:07:56

Health: 0/28       AC:  5    Str:  5    XL:     5   Next: 46%
Magic:  10/14      EV: 13    Int: 21    God:    Gozag
Gold:   407        SH:  0    Dex: 15    Spells: 5/13 levels left

rFire    + + .     SeeInvis .   b - -3 hunting sling (curse)
rCold    + . .     Gourm    .   (no shield)
rNeg     . . .     Faith    .   d - +0 robe
rPois    .         Spirit   .   q - +2 helmet
rElec    .         Reflect  .   h - scarf {rC+ rF+}
rCorr    .         Harm     .   (no gloves)
MR       .....                  (no boots)
Stlth    ++........             (no amulet)
HPRegen  0.09/turn              o - ring of protection from fire
MPRegen  0.14/turn              (no ring)

@: no status effects
A: no striking features
a: Potion Petition, Call Merchant, Bribe Branch, Renounce Religion


You were on level 3 of the Dungeon.
You worshipped Gozag.
Gozag was aware of your devotion.
You were not hungry.

You visited 1 branch of the dungeon, and saw 4 of its levels.

You collected 419 gold pieces.
You paid 12 gold pieces to Gozag.

Inventory:

Hand Weapons
 a - a +3 dagger of speed
 b - a cursed -3 hunting sling (weapon)
 p - a +2 trident of distortion
Missiles
 e - 21 arrows
 f - 151 stones (quivered)
 k - 21 sling bullets
 l - 6 poisoned needles
Armour
 d - a +0 robe (worn)
 g - a +0 cloak
 h - a scarf of resistance (worn)
 q - a +2 helmet (worn)
Jewellery
 o - a ring of protection from fire (left hand)
Scrolls
 t - a scroll of magic mapping
Potions
 i - 2 potions of ambrosia
 j - 2 potions of curing {unknown}
 m - a potion of lignification {unknown}
 n - 2 potions of flight {unknown}
 r - 2 potions of degeneration {unknown}
Comestibles
 c - 3 rations


   Skills:
 + Level 0.1 Fighting
 + Level 0.7 Short Blades
 + Level 0.1 Slings
 + Level 2.6 Dodging
 + Level 3.5 Stealth
 + Level 4.8 Spellcasting
 + Level 2.7 Conjurations
 + Level 4.1 Air Magic


You had 5 spell levels left.
You knew the following spells:

 Your Spells              Type           Power        Failure   Level  Hunger
a - Shock                 Conj/Air       ###.         2%          1    None
b - Airstrike             Air            ###.......   21%         4    ####...
c - Static Discharge      Conj/Air       ###.....     9%          3    ##.....

Your spell library contained the following spells:

 Spells                   Type           Power        Failure   Level  Hunger
 Lightning Bolt           Conj/Air       ###.......   58%         5    #####..
 Swiftness                Chrm/Air       ##......     7%          2    None


Dungeon Overview and Level Annotations

Branches:
Dungeon (4/15)
 Temple: D:4-7

Altars:
Gozag

Annotations:
D:3 GameOver's ghost, amateur NaWz


Message History

You now have 407 gold pieces (gained 6).
GameOver's ghost hits you.
GameOver's ghost gestures at you while chanting.
The magic dart hits you! GameOver's ghost casts a spell at you.
The magic dart hits you!
GameOver's ghost whispers, "The ORB doesn't exist."
GameOver's ghost gestures at you while chanting.
The magic dart hits you!
GameOver's ghost gestures at you while chanting.
The magic dart hits you!
GameOver's ghost points at you and mumbles some strange words.
The magic dart hits you!
* * * LOW HITPOINT WARNING * * *
The leopard gecko hisses angrily.
There is a stone staircase leading up here.
GameOver's ghost casts a spell at you. The magic dart hits you!
You die...
Your body crumbles into a pile of gold.

*,,,≈≈≈*≈≈≈,,,##* #....###.
**,,,,,,,,,,,##.# #....#..>
##*,,,,,,,,,##..# #.......#
,.##≈,,,,,≈##...# ###.......#
*..#*#+++###....# #.......###
*#.# #..........## ####.#....##
#.# *#..........###.........# ##
##.####..........##..........# #.
...)......W.....@..l....########.
##.#############.................
#<# ##.......###########. #.#
###..##...## #. #.# #.>.##.....#
## #$# #.###....#.# ##.#
#.#....###.# ...#### *##.....#*
#.# ##....###.....##* #.#


You could see GameOver's ghost and a leopard gecko.

Vanquished Creatures
  Jessica (D:2)
  Natasha (twice) (D:2)
  Robin (D:2)
  An adder (D:2)
  2 oozes (D:2)
  2 worms (D:2)
  2 dart slugs
  3 leopard geckos
  2 orcs
  14 bats
  A giant cockroach (D:1)
  14 goblins
  10 hobgoblins
  4 jackals (D:3)
  3 frilled lizards
  6 kobolds
  8 rats
76 creatures vanquished.

Notes
Turn   | Place    | Note
-------+----------+-------------------------------------------
     0 | D:1      | emperorscorpion the Deep Elf Air Elementalist began the quest for the Orb.
     0 | D:1      | Reached XP level 1. HP: 10/10 MP: 6/6
   421 | D:1      | Reached XP level 2. HP: 11/15 MP: 2/8
   997 | D:1      | Found an opulent altar of Gozag.
  1003 | D:1      | Became a worshipper of Gozag Ym Sagoz the Greedy
  1055 | D:1      | Reached XP level 3. HP: 19/19 MP: 8/10
  1388 | D:2      | Noticed Jessica
  1392 | D:2      | Noticed Natasha
  1393 | D:2      | Killed Jessica
  1544 | D:2      | Reached XP level 4. HP: 24/24 MP: 8/12
  1727 | D:2      | Killed Natasha
  2018 | D:2      | Noticed Robin
  2032 | D:2      | Killed Robin
  2124 | D:2      | Reached XP level 5. HP: 28/28 MP: 1/13
  2342 | D:2      | Noticed Natasha
  2347 | D:2      | Killed Natasha
  2386 | D:2      | You fall through a shaft!
  2390 | D:3      | Noticed GameOver's ghost (amateur NaWz)
  2627 | D:3      | Learned a level 4 spell: Airstrike
  2631 | D:3      | Learned a level 3 spell: Static Discharge
  2769 | D:3      | Killed from afar by GameOver's ghost

Vault maps used:
D:1:      nicolae_arrival_washed_ashore, minmay_hexomino_r4
D:2:      uniq_natasha, uniq_robin, uniq_jessica
D:3:      first_ration, kennysheep_donut

Skill      XL: |  1  2  3  4  5 |
---------------+----------------+-----
Spellcasting   | 4 |  4.8
Conjurations   | 2 |  2.7
Stealth        | 3 |  3.5
Air Magic      | 4 |  4.1
Fighting       | |  0.1
Short Blades   | |  0.7
Slings         | |  0.1
Dodging        | |  2.6

Action                   |  1- 3 |  4- 6 || total
-------------------------+-------+-------++-------
Melee: Dagger            |    20 |    14 ||    34
 Fire: Hunting sling     |       |     4 ||     4
 Cast: Shock             |    65 |    82 ||   147
  Use: Scroll            |       |     5 ||     5
 Stab: Sleeping          |     1 |     2 ||     3
  Eat: Ration            |     1 |     1 ||     2
Armor: Robe              |    10 |     3 ||    13
Dodge: Dodged            |    29 |     7 ||    36

Table legend:
 A = Spawn XP
 B = Non-spawn XP
 C = Spawn XP percentage of total XP
 D = Spawn monster count
 E = Non-spawn monster count
 F = Spawn count percentage of total count
 G = Total turns spent on level
                    A         B        C        D         E        F      G
               +---------+---------+-------+---------+---------+-------+---------
         Total |       0 |     282 |   0.0 |       0 |      76 |   0.0 |  2769
               +---------+---------+-------+---------+---------+-------+---------
           D:1 |       0 |      51 |   0.0 |       0 |      31 |   0.0 |  1468
           D:2 |       0 |     194 |   0.0 |       0 |      28 |   0.0 |   948
           D:3 |       0 |      34 |   0.0 |       0 |      16 |   0.0 |   341
           D:4 |       0 |       3 |   0.0 |       0 |       1 |   0.0 |    12
               +---------+---------+-------+---------+---------+-------+---------
